AoeStats
← Křovák

Arena

505956541Analyzed
1v1 RM · 21d ago on Sep 11, 2026· 81m 25s· 2 players
Game mode
Random Map
Map size
Tiny (2 player)
Population
200
Speed
Normal
Resources
Standard
Victory
Conquest
Starting age
Dark Age
Ending age
Imperial Age
RankedLock teamsTeams togetherTeam positionsShared explorationLock speedFull tech treeHidden civsTurbo modeCheats
Victory
Defeat
🇨🇿 Byzantines · Czechia
789
+17
🇬🇧 Britons · United Kingdom
812
-17
Křovák
8:42 Loom
11:52 Feudal Age
16:15 Castle Age
14:19 Double-Bit Axe
16:53 Horse Collar
22:10 Heavy Plow
28:09 Imperial Age
25:58 Bow Saw
31:09 Elite Skirmisher
32:16 Fletching
32:27 Padded Archer Armor
35:03 Bodkin Arrow
35:24 Leather Archer Armor
36:13 Chemistry
35:34 Ballistics
35:10 Murder Holes
38:11 Bracer
40:45 Two-Man Saw
41:56 Wheelbarrow
43:20 Ring Archer Armor
43:03 Forging
42:59 Scale Barding Armor
44:28 Gold Mining
44:28 Stone Mining
45:24 Cavalier
47:08 Iron Casting
47:51 Chain Barding Armor
49:26 Plate Barding Armor
52:32 Conscription
65:27 Ring Archer Armor
70:26 Crop Rotation
70:14 Fortified Wall
69:38 Paladin
70:20 Husbandry
76:48 Onager
Plague-oF-DeCeIT
9:01 Loom
11:17 Feudal Age
12:37 Double-Bit Axe
16:30 Castle Age
14:55 Stone Mining
18:09 Fervor
23:25 Bow Saw
22:58 Horse Collar
24:46 Gold Mining
26:45 Wheelbarrow
30:30 Imperial Age
28:23 Ballistics
27:44 Treadmill Crane
30:07 Fletching
30:26 Padded Archer Armor
31:14 Fortified Wall
32:15 Chemistry
31:34 Bodkin Arrow
31:55 Leather Archer Armor
32:22 Conscription
33:23 Gold Shaft Mining
32:56 Warwolf
33:55 Heavy Plow
34:13 Hand Cart
34:41 Yeomen
35:01 Leather Archer Armor
36:24 Elite Longbowman
37:42 Bracer
38:13 Ring Archer Armor
41:14 Masonry
41:11 Siege Engineers
42:53 Scale Barding Armor
42:59 Forging
45:31 Architecture
46:42 Iron Casting
46:28 Chain Barding Armor
47:58 Light Cavalry
52:18 Plate Barding Armor
52:44 Blast Furnace
51:44 Scale Mail Armor
51:57 Pikeman
52:38 Squires
52:24 Gambesons
52:52 Halberdier
54:16 Chain Mail Armor
65:36 Plate Mail Armor
71:01 Two-Man Saw
Connection lost

Rejoining the realm…

Still unreachable

The connection could not be restored.

Session expired

The server has moved on; the page needs a fresh start.